 Dungeon Crawl Stone Soup version 0.31.0-12-g77e489cdc1 (webtiles) character file.

Game seed: 10605836272644477565

316 Gadfly the Sneak (level 6, 0/30 HPs)
             Began as a Spriggan Enchanter on Feb 18, 2024.
             Killed from afar by an oklob plant (8 damage)
             ... with a splash of acid
             ... on level 4 of the Dungeon.
             The game lasted 00:07:32 (3926 turns).

Gadfly the Sneak (Spriggan Enchanter)               Turns: 3926, Time: 00:07:33

Health: 0/30       AC:  3    Str:  1 (4)  XL:     6   Next: 20%
Magic:  12/12      EV: 33    Int: 15 (16) God:
Gold:   885        SH:  0    Dex: 15 (18) Spells: 4/12 levels left

rFire   . . .        a - +1 dagger
rCold   . . .        (no shield)
rNeg    . . .        b - +0 robe
rPois   +            (helmet restricted)
rElec   .            v - +0 cloak
rCorr   .            (gloves unavailable)
SInv    +            (boots unavailable)
Will    +....        k - amulet of the acrobat
Stlth   +++          h - ring of poison resistance
HPRegen 0.25/turn    (no ring)
MPRegen 0.13/turn

%: acrobat
@: acrobatic, very quick
A: very small, no large weapons, unfitting armour, see invisible, speed 3
a: no special abilities


You were on level 4 of the Dungeon.
You visited 1 branch of the dungeon, and saw 4 of its levels.

You collected 885 gold pieces.

Inventory:

Hand Weapons
 a - a +1 dagger (weapon)
Missiles
 f - 2 throwing nets
Armour
 b - a +0 robe (worn)
 v - a +0 cloak (worn)
Jewellery
 h - a ring of poison resistance (left hand)
 k - an amulet of the acrobat (around neck)
Wands
 n - a wand of flame (11)
Scrolls
 e - 3 scrolls of teleportation
 i - a scroll of blinking
 j - a scroll of revelation
 p - a scroll of identify
Potions
 c - 2 potions of invisibility
 d - a potion of enlightenment
 g - 3 potions of mutation
 l - a potion of brilliance
 m - 2 potions of resistance
 o - a potion of haste
 r - a potion of heal wounds
 u - a potion of might {unknown}
 x - a potion of lignification {unknown}


   Skills:
 + Level 1.8 Fighting
 + Level 2.9 Short Blades
 + Level 4.1 Dodging
 + Level 5.6 Stealth
 + Level 3.8 Spellcasting
 + Level 4.4 Hexes
 + Level 2.6 Evocations


You had 4 spell levels left.
You knew the following spells:

 Your Spells              Type           Power      Damage    Failure   Level
a - Ensorcelled Hibernat  Hex/Ice        18%        N/A       11%         2
b - Confusing Touch       Hex            16%        N/A       9%          3
c - Swiftness             Air            2%         N/A       50%         3

Your spell library contained the following spells:

 Spells                   Type           Power      Damage    Failure   Level
 Tukima's Dance           Hex            16%        N/A       9%          3
 Shock                    Conj/Air       8%         1d3       19%         1
 Dazzling Flash           Conj/Hex       18%        N/A       22%         3
 Airstrike                Air            1%         2d(1-17)  88%         4


Dungeon Overview and Level Annotations

Branches:
Dungeon (4/15)
 Temple: D:4-7

Altars:
Cheibriados
Fedhas
Kikubaaqudgha
Wu Jian
Yredelemnul

Annotations:
D:4 exclusion: oklob plant


Innate Abilities, Weirdness & Mutations

You are very small and have problems with some larger weapons.
You are too small for most types of armour.
You have supernaturally acute eyesight. (SInv)
You cover ground extremely quickly. (Speed+++)


Message History

There is a stone staircase leading up here.
A kobold is nearby!
A kobold is nearby!
A kobold is nearby!
A kobold is nearby!
The helpless kobold fails to defend itself.
You impale the kobold!!
You kill the kobold!
You open the door.
There is an open door here.
There is an open door here.
m - 2 potions of resistance (gained 1)
Found 5 stones.
p - a scroll of identify
Found a blossoming altar of Fedhas.
No target in view!
No target in view!
An oklob plant comes into view.
Marking area around an oklob plant as unsafe for travelling.
You hit the plant.
The plant begins to die.
The plant is lightly damaged.
You hit the plant.
The plant begins to die.
The plant is lightly damaged.
An oklob plant is nearby!
An oklob plant is nearby!
You hit the plant.
The plant is lightly damaged.
A nearby plant withers and dies.
You hit the plant.
The plant is lightly damaged.
You hit the plant.
The plant is lightly damaged.
A nearby plant withers and dies.
The oklob plant spits acid at you. The splash of acid hits you!!
Ouch! That really hurt!
* * * LOW HITPOINT WARNING * * *
The oklob plant spits acid at you. The splash of acid hits you!
You die...

#P#..~≈≈≈≈≈≈≈~..P##P#
###.≈~≈~~~≈≈≈≈~.PP#P#
###.~~≈~...~≈≈≈.PP.P#
....≈≈~≈._.......#PP#
###.~~≈≈...~~~~.##P##
P.≈≈≈~≈≈~~≈~~.PPPP#
#P..≈~≈≈≈~≈≈~..PPP##
P.P..≈≈≈≈≈~~...PPPP#
#PPPP..~~~≈~..#.@..P#
#PP#P#.......P#PP.P.#
#.P


#P#P#PPP#PPPP..P# .PPP#PP...PP# P#PP.P.#.P### PPP#PPP.PP ##### ########### #...#
##'## You could see an oklob plant.

Vanquished Creatures
  A phantom (D:3)
  Natasha (thrice) (D:2)
  4 adders
  5 gnolls
  3 ribbon worms (D:3)
  An orc (D:3)
  5 ball pythons
  7 bats
  5 endoplasms
  4 giant cockroaches
  4 goblins
  8 hobgoblins
  4 jackals (D:1)
  4 quokkas
  5 frilled lizards
  7 kobolds
  5 rats
75 creatures vanquished.

Notes
Turn   | Place    | Note
-------+----------+-------------------------------------------
     0 | D:1      | Gadfly the Spriggan Enchanter began the quest for the Orb.
     0 | D:1      | Reached XP level 1. HP: 9/9 MP: 5/5
   235 | D:1      | Reached XP level 2. HP: 14/14 MP: 6/6
   244 | D:1      | Learned a level 2 spell: Ensorcelled Hibernation
   683 | D:1      | Reached skill level 1 in Evocations
   734 | D:1      | Found a faded altar of an unknown god.
   744 | D:1      | Reached XP level 3. HP: 9/17 MP: 0/8
  1113 | D:1      | Learned a level 3 spell: Confusing Touch
  1271 | D:2      | Reached skill level 1 in Fighting
  1413 | D:2      | Noticed Natasha
  1517 | D:2      | Killed Natasha
  1518 | D:2      | Reached skill level 5 in Stealth
  1518 | D:2      | Reached XP level 4. HP: 22/22 MP: 6/9
  1545 | D:2      | Noticed Natasha
  1623 | D:2      | Killed Natasha
  1877 | D:2      | Reached XP level 5. HP: 20/25 MP: 7/10
  2126 | D:2      | Noticed Natasha
  2141 | D:2      | Killed Natasha
  2593 | D:2      | Identified a scroll of acquirement
  2594 | D:2      | Acquired 690 gold pieces
  2779 | D:3      | Noticed a phantom
  2813 | D:3      | Killed a phantom
  2848 | D:3      | Reached XP level 6. HP: 30/30 MP: 12/12
  3038 | D:3      | Found a basalt altar of Yredelemnul.
  3078 | D:3      | Found an ancient bone altar of Kikubaaqudgha.
  3341 | D:3      | Found a snail-covered altar of Cheibriados.
  3610 | D:3      | Found an ornate altar of the Wu Jian Council.
  3788 | D:3      | Learned a level 3 spell: Swiftness
  3892 | D:4      | Found a blossoming altar of Fedhas.
  3913 | D:4      | Noticed an oklob plant
  3926 | D:4      | Killed from afar by an oklob plant

Illustrated notes

Levels and vault maps discovered:
D:1:      sevenhm_arrival_forest_fort_small_4, layout_loops_corners,
          ebering_ecumenical_altar_petrified
D:2:      layout_loops_ring, uniq_natasha
D:3:      layout_basic, slow_altar_1, nicolae_overflow_crystal_walls,
          mainiacjoe_overflow_alcove_1, nicolae_wu_jian_immortal_techniques,
          dk_noncrumbling_3, kennysheep_generic_room_10
D:4:      cheibrodos_pilgrimage, layout_loops_corners, tgw_fedhas,
          minmay_temple_entry_large_hall

Skill      XL: |  1  2  3  4  5 |
---------------+----------------+-----
Dodging        | 3 4 |  4.1
Evocations     | 1 2 |  2.6
Fighting       | 1 |  1.8
Short Blades   | 2 |  2.9
Spellcasting   | 3 |  3.8
Stealth        | 5 |  5.6
Hexes          | 4 |  4.4

Action                     |  1- 3 |  4- 6 || total
---------------------------+-------+-------++-------
  Melee: Dagger            |   111 |    95 ||   206
         Punch             |     2 |       ||     2
   Cast: Ensorcelled Hiber |    10 |    40 ||    50
         Confusing Touch   |       |     1 ||     1
    Use: Scroll            |     5 |     9 ||    14
         Potion            |       |     2 ||     2
   Stab: Sleeping          |    22 |    31 ||    53
         Confused          |       |     2 ||     2
 Armour: Robe              |    33 |    26 ||    59
  Dodge: Dodged            |    91 |    76 ||   167
